Map: Apothéose EC

Players

creepôsucre

  • Race: Zerg Zerg
  • League: Diamond

IA (très facile) - Winner!

  • Race: Protoss Protoss

VOD

Have the link to the VOD?

Description

Time

  • Played on: Aug. 31, 2016, 4:55 a.m.
  • Length: 9:48
Show
View Real Time Build Order
Export as new Build Order

creepôsucre Zerg 

Build Orders: Hatch First 

Get SALT Encoding   

  12  0:02  Drone  
  13  0:13  Overlord  
  13  0:17  Drone  
  14  0:31  Drone x2  
  16  0:36  Drone  
  17  0:55  Hatchery  
  16  0:58  Drone  
  16  1:00  Drone  
  16  1:03  Extractor  
  17  1:16  Spawning Pool  
  16  1:19  Drone  
  16  1:22  Drone  
  18  1:31  Drone  
  19  1:41  Overlord  
  19  1:55  Drone  
  20  2:03  Metabolic Boost  
  20  2:04  Queen  
  20  2:06  Queen  
  24  2:10  Zergling x2  
  24  2:13  Zergling x2  
  26  2:17  Drone  
  26  2:20  Drone  
  28  2:27  Drone  
  29  2:32  Drone  
  29  2:33  Overlord  
  30  2:41  Pneumatized Carapace  
  30  2:45  Drone  
  30  2:46  Drone  
  32  2:52  Drone  
  32  2:55  Queen  
  32  2:58  Drone  
  36  3:02  Drone  
  37  3:08  Drone  
  38  3:13  Overlord  
  38  3:16  Drone x5  
  43  3:30  Drone  
  44  3:34  Hatchery  
  44  3:36  Drone x3  
  44  3:38  Overlord  
  46  3:47  Overlord  
  46  3:48  Drone x2  
  46  3:49  Drone x2  
  50  3:56  Extractor  
  50  3:57  Extractor  
  50  4:00  Roach Warren, Drone x3  
  50  4:06  Evolution Chamber  
  50  4:08  Evolution Chamber  
  48  4:13  Drone x3  
  48  4:15  Overlord  
  51  4:32  Zerg Missile Weapons Level 1  
  51  4:34  Drone x6  
  51  4:35  Drone  
  58  4:42  Roach  
  60  4:47  Roach x2  
  66  4:52  Roach  
  66  4:56  Zerg Ground Armor Level 1  
  66  5:00  Drone  
  66  5:01  Drone x4  
  66  5:06  Overlord x2  
  71  5:11  Overlord  
  71  5:12  Lair  
  71  5:18  Extractor  
  71  5:19  Extractor  
  69  5:29  Drone  
  69  5:30  Drone x6  
  76  5:43  Overlord  
  76  5:44  Overlord x3  
  76  5:45  Hatchery, Roach x4  
  83  5:52  Drone  
  83  5:53  Extractor  
  83  5:56  Drone x3  
  86  5:57  Overlord x2  
  86  6:09  Glial Reconstitution, Roach x5  
  96  6:15  Roach  
  96  6:16  Roach  
  100  6:25  Roach x6  
  112  6:29  Overlord x2  
  112  6:33  Zerg Missile Weapons Level 2  
  112  6:38  Overlord  
  112  6:39  Roach  
  118  6:40  Roach x4  
  118  6:45  Overlord  
  122  6:51  Roach  
  122  6:52  Roach  
  126  6:59  Roach x4  
  126  7:00  Roach x6  
  146  7:04  Zerg Ground Armor Level 2  
  146  7:17  Roach x4  
  146  7:18  Roach x3  
  160  7:25  Overlord x3  
  160  7:26  Roach x2  
  164  7:38  Infestation Pit  
  163  7:46  Ravager x5  
  163  7:47  Ravager x2  
  170  7:56  Drone x6  
  176  8:01  Ravager x3  
  176  8:02  Ravager  
  179  8:17  Hive  
  179  8:21  Extractor  
  179  8:24  Infestor, Extractor  
  179  8:29  Infestor  
  181  8:39  Infestor  
  183  9:02  Ravager x4  
  187  9:03  Ravager  
  188  9:15  Ravager x2  
  188  9:16  Ravager  
  189  9:31  Ultralisk Cavern  
Show
View Real Time Build Order
Export as new Build Order

IA (très facile) Protoss - Winner!

Build Orders:  

Get SALT Encoding   

  12  0:01  Probe (Chrono Boost)  
  13  0:11  Probe (Chrono Boost)  
  14  0:19  Pylon  
  14  0:37  Assimilator  
  14  0:42  Gateway  
  14  0:46  Pylon  
  14  1:14  Assimilator  
  14  1:22  Probe (Chrono Boost)  
  15  1:33  Probe (Chrono Boost)  
  15  1:34  Cybernetics Core  
  16  1:44  Probe (Chrono Boost)  
  18  1:54  Probe (Chrono Boost)  
  18  1:59  Warp Gate  
  18  2:05  Probe (Chrono Boost)  
  19  2:10  Stalker  
  21  2:17  Probe (Chrono Boost)  
  22  4:28  Probe (Chrono Boost)  
  22  5:35  Zealot  
  24  5:37  Pylon  
  24  5:38  Probe (Chrono Boost)  
  24  5:40  Robotics Facility  
  25  5:50  Probe (Chrono Boost)  
  25  5:59  Nexus  
  25  6:00  Probe (Chrono Boost)  
  27  6:11  Probe (Chrono Boost)  
  25  6:22  Probe (Chrono Boost)  
  26  6:28  Pylon  
  26  6:29  Observer  
  26  6:31  Zealot  
  30  6:33  Probe (Chrono Boost)  
  30  6:44  Probe (Chrono Boost)  
  31  6:49  Observer  
  31  7:13  Probe (Chrono Boost)  
  32  7:16  Assimilator  
  32  7:18  Assimilator  
  32  7:19  Probe (Chrono Boost)  
  33  7:27  Probe (Chrono Boost)  
  33  7:28  Stalker  
  36  7:33  Probe (Chrono Boost)  
  37  7:42  Probe (Chrono Boost)  
  38  7:48  Probe (Chrono Boost)  
  39  7:55  Probe (Chrono Boost)  
  40  8:02  Probe (Chrono Boost)  
  41  8:08  Immortal  
  41  8:10  Probe (Chrono Boost)  
  40  8:16  Probe (Chrono Boost)  
  41  8:25  Probe (Chrono Boost)  
  42  8:31  Probe (Chrono Boost)  
  43  8:39  Probe (Chrono Boost)  
  44  8:44  Immortal  
  44  8:45  Probe (Chrono Boost)  
  49  8:49  Pylon  
  49  8:53  Probe (Chrono Boost)  
  45  9:47  Pylon  
Tags
 
Add a new tag
Caveats
  • Supply blocks, unpowered buildings, or Contaminate may cause inaccurate times.
  • Supply counts are checked every 10 seconds.